Map: Clair de lune fanatique EC (Void)

Players

AgCl

  • Race: Protoss Protoss
  • League: Silver

JAKING - Winner!

  • Race: Terran Terran
  • League: Master

VOD

Have the link to the VOD?

Description

Time

  • Played on: July 17, 2015, 6:26 p.m.
  • Length: 10:12
Show
View Real Time Build Order
Export as new Build Order

AgCl Protoss 

Build Orders: Oracle Opening 

Get SALT Encoding   

  13  0:13  Pylon  
  13  0:14  Probe  
  13  0:25  Assimilator  
  13  0:37  Gateway  
  13  0:40  Probe (Chrono Boost)  
  15  0:50  Probe (Chrono Boost)  
  16  0:57  Probe (Chrono Boost)  
  16  1:09  Probe (Chrono Boost)  
  17  1:17  Probe (Chrono Boost), Pylon  
  18  1:24  Zealot  
  20  1:30  Cybernetics Core  
  20  1:32  Probe  
  21  1:44  Probe  
  22  1:56  Probe  
  23  2:08  Probe  
  23  2:10  Stargate  
  23  2:12  Adept (Chrono Boost)  
  26  2:21  Probe, Warp Gate (Chrono Boost)  
  27  2:33  Probe  
  27  2:45  Probe  
  28  2:53  Gateway, Assimilator  
  26  3:10  Nexus  
  26  3:19  Oracle (Chrono Boost)  
  29  3:32  Pylon  
  29  3:38  Pylon  
  29  3:42  Probe  
  30  3:50  Adept (Chrono Boost)  
  30  3:54  Probe  
  33  4:06  Probe  
  34  4:18  Probe  
  34  4:21  Probe  
  36  4:28  Adept  
  36  4:30  Probe  
  37  4:33  Probe (Chrono Boost)  
  36  4:45  Probe (Chrono Boost)  
  36  4:46  Adept  
  36  4:47  Probe (Chrono Boost), Adept  
  37  4:54  Probe (Chrono Boost)  
  37  4:58  Probe (Chrono Boost)  
  37  4:59  Void Ray  
  42  5:06  Adept  
  44  5:12  Probe (Chrono Boost)  
  44  5:13  Adept  
  46  5:23  Pylon  
  45  5:38  Probe (Chrono Boost)  
  45  5:43  Probe (Chrono Boost)  
  45  5:47  Probe (Chrono Boost)  
  46  5:51  Probe (Chrono Boost)  
  47  6:00  Probe (Chrono Boost), Oracle (Chrono Boost)  
  47  6:02  Probe (Chrono Boost)  
  51  6:05  Robotics Facility  
  51  6:07  Pylon  
  51  6:11  Assimilator  
  51  6:14  Gateway  
  51  6:15  Probe  
  53  6:18  Probe  
  42  6:46  Assimilator  
  39  6:47  Probe (Chrono Boost)  
  39  6:50  Probe (Chrono Boost)  
  36  7:02  Probe (Chrono Boost)  
  36  7:05  Probe (Chrono Boost)  
  36  7:06  Pylon  
  37  7:10  Phoenix (Chrono Boost)  
  37  7:13  Probe (Chrono Boost)  
  37  7:16  Probe (Chrono Boost)  
  37  7:19  Probe (Chrono Boost)  
  36  7:30  Probe (Chrono Boost)  
  36  7:31  Probe (Chrono Boost)  
  33  7:50  Probe (Chrono Boost)  
  35  7:51  Probe (Chrono Boost)  
  35  8:01  Probe (Chrono Boost)  
  36  8:06  Probe (Chrono Boost)  
  34  8:13  Probe (Chrono Boost)  
  34  8:17  Probe (Chrono Boost)  
  36  8:21  Probe (Chrono Boost)  
  36  8:25  Probe (Chrono Boost)  
  37  8:28  Phoenix  
  37  8:29  Probe (Chrono Boost)  
  37  8:32  Probe (Chrono Boost)  
  41  8:38  Probe (Chrono Boost)  
  41  8:44  Probe (Chrono Boost)  
  40  8:58  Probe (Chrono Boost)  
  37  9:07  Probe (Chrono Boost)  
  39  9:10  Probe (Chrono Boost)  
  39  9:15  Probe (Chrono Boost)  
  40  9:18  Probe  
  42  9:24  Probe  
  42  9:28  Nexus  
  44  9:38  Probe (Chrono Boost)  
  44  9:40  Probe (Chrono Boost)  
  44  9:49  Probe x2 (Chrono Boost)  
  44  9:52  Forge  
  46  9:56  Probe x2 (Chrono Boost)  
Show
View Real Time Build Order
Export as new Build Order

JAKING Terran - Winner!

Build Orders:  

Get SALT Encoding   

  12  0:01  SCV  
  13  0:13  SCV  
  14  0:19  Supply Depot  
  14  0:25  SCV  
  15  0:41  SCV  
  16  0:43  Barracks  
  16  0:45  Refinery  
  16  0:53  SCV  
  17  1:07  Barracks  
  17  1:10  SCV  
  18  1:21  Refinery  
  18  1:22  SCV  
  19  1:32  Refinery  
  19  1:34  Reaper  
  20  1:51  Orbital Command  
  20  2:00  Reaper  
  20  2:09  Reaper  
  21  2:21  Factory  
  21  2:28  SCV  
  22  2:40  SCV  
  22  2:45  Reaper  
  22  2:49  Supply Depot  
  23  3:11  SCV, Reaper  
  25  3:13  Engineering Bay  
  25  3:17  Reaper  
  26  3:20  Supply Depot  
  26  3:23  SCV  
  26  3:25  Starport  
  27  3:35  SCV  
  28  3:41  Missile Turret  
  28  3:43  Reaper, Widow Mine  
  28  3:47  SCV  
  32  3:49  Missile Turret  
  32  3:54  Missile Turret  
  32  3:59  SCV  
  33  4:07  Liberator  
  33  4:11  SCV  
  34  4:27  SCV  
  34  4:29  Armory  
  38  4:39  SCV  
  38  4:51  SCV  
  38  5:01  Factory Tech Lab  
  38  5:02  Armory  
  38  5:03  SCV  
  37  5:08  Command Center  
  36  5:15  SCV  
  37  5:27  SCV  
  38  5:39  SCV  
  39  5:47  Terran Infantry Weapons Level 1  
  39  5:49  Marine  
  38  5:54  Bunker  
  39  5:57  Supply Depot x2  
  39  6:01  Liberator  
  39  6:11  Missile Turret  
  39  6:18  SCV, Marine x2  
  39  6:23  Missile Turret  
  45  6:26  Missile Turret  
  45  6:29  Supply Depot  
  45  6:30  SCV  
  46  6:36  Marine x2  
  46  6:39  Supply Depot  
  48  6:43  SCV  
  48  6:44  Siege Tank  
  52  6:52  Orbital Command  
  52  6:54  Refinery  
  52  6:55  SCV, Refinery  
  52  7:01  Marine  
  53  7:07  SCV  
  53  7:12  Supply Depot  
  53  7:19  SCV  
  53  7:20  Missile Turret  
  53  7:22  SCV  
  54  7:25  Marine  
  55  7:31  SCV  
  55  7:34  SCV  
  57  7:43  SCV, Marine  
  59  7:46  SCV  
  57  7:55  SCV  
  57  7:57  Thor  
  57  7:58  SCV, Viking  
  66  8:00  Missile Turret, Marine  
  68  8:07  SCV  
  69  8:18  Missile Turret  
  69  8:19  SCV  
  70  8:23  SCV  
  71  8:31  SCV  
  72  8:35  SCV  
  72  8:40  Missile Turret  
  73  8:44  SCV  
  73  8:47  SCV  
  75  8:49  Command Center  
  75  8:56  SCV  
  75  8:59  SCV  
  74  9:04  Thor  
  74  9:05  Starport Reactor  
  74  9:08  SCV  
  81  9:11  SCV, Barracks x2  
  81  9:13  Ghost Academy  
  82  9:17  Barracks  
  82  9:19  Factory  
  82  9:20  SCV  
  82  9:23  SCV  
  84  9:32  SCV  
  84  9:36  SCV, Missile Turret  
  84  9:37  Barracks Reactor  
  86  9:41  Missile Turret  
  86  9:49  SCV  
  86  9:55  Bunker  
  86  9:59  SCV  
  86  10:01  Command Center  
Tags
 
Add a new tag
Caveats
  • Supply blocks, unpowered buildings, or Contaminate may cause inaccurate times.
  • Supply counts are checked every 10 seconds.